 Dungeon Crawl Stone Soup version 0.30-a0-118-ga018f8e90f (webtiles) character file.

Game seed: 4637996285398350191

95 nono the Trooper (level 4, -2/29 HPs)
             Began as a Kobold Fighter on Sept 13, 2022.
             Killed from afar by Natasha (9 damage)
             ... with a magic dart
             ... on level 3 of the Dungeon.
             The game lasted 00:03:52 (2813 turns).

nono the Trooper (Kobold Fighter)                   Turns: 2813, Time: 00:03:53

Health: -2/29      AC:  7    Str: 15    XL:     4   Next: 95%
Magic:  4/4        EV: 11    Int:  9    God:
Gold:   266        SH:  5    Dex: 14    Spells: 3/3 levels left

rFire   . . .      SeeInvis .    a - +0 flail
rCold   . . .      Faith    .    c - +0 buckler
rNeg    . . .      Spirit   .    b - +0 scale mail
rPois   .          Reflect  .    (no helmet)
rElec   .          Harm     .    (no cloak)
rCorr   .          Rampage  .    (no gloves)
Will    .....                    n - +0 pair of boots
Stlth   ++........               (no amulet)
HPRegen 0.09/turn                (no ring)
MPRegen 0.09/turn                (no ring)

@: mighty
A: small, no large weapons, nightstalker 3
a: no special abilities


You were on level 3 of the Dungeon.
You visited 1 branch of the dungeon, and saw 3 of its levels.

You collected 266 gold pieces.

Inventory:

Hand Weapons
 a - a +0 flail (weapon)
 k - a +1 short sword of holy wrath
Armour
 b - a +0 scale mail (worn)
 c - a +0 buckler (worn)
 n - a +0 pair of boots (worn)
Jewellery
 i - an amulet of magic regeneration
Scrolls
 e - a scroll of fear {unknown}
 f - 4 scrolls of blinking {unknown}
 h - a scroll of noise {unknown}
 j - a scroll of enchant armour {unknown}
 l - a scroll of vulnerability {unknown}
 o - a scroll of magic mapping {unknown}
 p - 4 scrolls of identify {unknown}
 r - a scroll of enchant weapon {unknown}
 u - a scroll of teleportation {unknown}
Potions
 d - a potion of might
 g - a potion of cancellation {unknown}
 m - a potion of resistance {unknown}
 q - 2 potions of curing {unknown}
 s - a potion of berserk rage {unknown}
 t - a potion of heal wounds {unknown}


   Skills:
 * Level 4.3 Fighting
 * Level 2.6 Maces & Flails
 - Level 2.4 Armour
 * Level 2.1 Dodging
 + Level 1.7 Stealth
 - Level 2.4 Shields


You had 3 spell levels left.
You didn't know any spells.
Your spell library contained the following spells:

 Spells                   Type           Power      Damage    Failure   Level
 Passage of Golubria      Tloc           0%         N/A       100%        4
 Silence                  Hex/Air        0%         N/A       100%        5
 Lehudib's Crystal Spear  Conj/Erth      0%         10d2      100%        8


Dungeon Overview and Level Annotations

Branches:
Dungeon (3/15)

Altars:
Ru

Annotations:
D:3 Natasha


Innate Abilities, Weirdness & Mutations

You are small and have problems with some larger weapons.
You are completely attuned to the shadows.


Message History

The endoplasm hits you but does no damage.
You barely miss Natasha.
Natasha is severely wounded.
Natasha casts a spell at you. You resist with some effort.
You block the endoplasm's attack.
You miss Natasha.
Natasha is severely wounded.
Natasha claws you.
The endoplasm hits you but does no damage.
Natasha claws you!
You are too injured to fight recklessly!
You are too injured to fight recklessly!
You are too injured to fight recklessly!
You feel very mighty all of a sudden.
The adder hisses angrily.
The endoplasm freezes you.
You are frozen.
Natasha misses you.
You barely miss Natasha.
Natasha is severely wounded.
The endoplasm barely misses you. You block the adder's attack.
You block Natasha's attack.
The endoplasm hits you but does no damage.
You closely miss Natasha.
Natasha is severely wounded.
The adder barely misses you. Natasha barely misses you.
The endoplasm barely misses you. The adder closely misses you.
You miss Natasha.
Natasha is severely wounded.
Natasha casts a spell at you. The magic dart hits you.
* * * LOW HITPOINT WARNING * * *
You block the adder's attack.
The endoplasm hits you but does no damage.
Natasha splashes around in the water.
The adder bites you but does no damage.
You sock the adder!
The adder is severely wounded.
The endoplasm barely misses you. The adder bites you but does no damage.
Natasha stares at you and mumbles some strange words.
The magic dart hits you!
You die...

.#
####.###.....#....##....#.#
.#### #.#
##.##..)...##..##..#
....###.#
#.####.......######
###...#.# #.# #.....### #
###.#.# #.# #.....# # #...#
#.# #.....# # ##..# #.##
###.#. # #..# #..###S..# #
#..#####..#@J### ##
#..#.~~..~~h!(.. .#
#..~.~≈≈~~~~~~~≈ >#
###...~~≈~~~~~~~~~ )#
#.(..~≈≈~≈~~~≈~~~~ .#
#.#.#≈≈≈~~≈~≈~~.~. .###.#.#
≈≈ #~~.~.~.. ..##.#)# ≈
#.##.#.#


You could see Natasha, an adder and an endoplasm.

Vanquished Creatures
  A gnoll (D:1)
  3 adders
  A dart slug (D:1)
  4 orcs (D:3)
  3 bats
  3 endoplasms (D:2)
  3 giant cockroaches
  6 goblins
  6 hobgoblins
  3 jackals (D:1)
  4 ball pythons
  3 frilled lizards
  5 kobolds
  3 rats
48 creatures vanquished.

Notes
Turn   | Place    | Note
-------+----------+-------------------------------------------
     0 | D:1      | nono the Kobold Fighter began the quest for the Orb.
     0 | D:1      | Reached XP level 1. HP: 14/14 MP: 1/1
   238 | D:1      | Reached XP level 2. HP: 18/19 MP: 2/2
   553 | D:1      | Reached skill level 1 in Dodging
   610 | D:1      | Found a faded altar of an unknown god.
   651 | D:1      | Reached XP level 3. HP: 23/23 MP: 3/3
   814 | D:1      | Reached skill level 1 in Stealth
  1198 | D:2      | Reached XP level 4. HP: 9/29 MP: 4/4
  1484 | D:2      | Found a sacrificial altar of Ru.
  1657 | D:2      | Reached skill level 4 in Fighting
  2797 | D:3      | Noticed Natasha
  2813 | D:3      | Killed from afar by Natasha

Illustrated notes

Levels and vault maps discovered:
D:1:      scummos_arrival_star, layout_loops_ring,
          shapermc_ecumenical_altar_pompeii, chequers_mini_garden,
          chequers_serial_rivers_micro_b
D:2:      layout_loops_ring, basic_altar
D:3:      layout_rooms, serial_shops, shop, chequers_serial_rivers_large_a,
          uniq_natasha, uniq_sigmund

Skill      XL: |  1  2  3  4 |
---------------+-------------+-----
Maces & Flails | 2 |  2.6
Dodging        | 1 2 |  2.1
Stealth        | 1 |  1.7
Fighting       | 4 |  4.3
Armour         | |  2.4
Shields        | |  2.4

Action                   |  1- 3 |  4- 6 || total
-------------------------+-------+-------++-------
Melee: Flail             |    82 |    93 ||   175
  Use: Potion            |       |     1 ||     1
 Stab: Sleeping          |     2 |     3 ||     5
Armor: Scale mail        |    23 |    33 ||    56
Dodge: Dodged            |    41 |    43 ||    84
Block: Buckler           |    26 |    28 ||    54

Table legend: (Time is in decaauts)
 A = Elapsed time spent in this place.
 B = Non-inter-level travel time spent in this place.
 C = Inter-level travel time spent in this place.
 D = Time resting spent in this place.
 E = Time spent auto-exploring this place.
 F = Levels seen in this place.
 G = Mean time per level.
                   A        B        C        D        E       F      G
               +--------+--------+--------+--------+--------+-----+--------+
         Total |   2876 |   2853 |     23 |    112 |   2313 |   3 |  958.7 |
       Dungeon |   2876 |   2853 |     23 |    112 |   2313 |   3 |  958.7 |
               +--------+--------+--------+--------+--------+-----+--------+

Top non-repeatable levels by time:
     D:2: 1121 daAuts
     D:1: 1047 daAuts
     D:3: 707 daAuts
